 Dungeon Crawl Stone Soup version 0.18.1-50-g88ac8fd (webtiles) character file.

844 Amnesiac the Inquisitive (level 7, -6/37 HPs)
             Began as a Deep Elf Artificer on Feb 28, 2018.
             Was a Follower of Pakellas.
             Splashed by Pikel's acid (12 damage)
             ... on level 5 of the Dungeon.
             The game lasted 00:12:10 (5668 turns).

Amnesiac the Inquisitive (Deep Elf Artificer)       Turns: 5668, Time: 00:12:11

Health: -6/37      AC:  6    Str: 10    XL:     7   Next: 68%
Magic:  5/14       EV: 12    Int: 17    God:    Pakellas [*.....]
Gold:   236        SH:  0    Dex: 15    Spells: 0 memorised, 6 levels left

rFire  . . .     SeeInvis .     K - +1 short sword (elec)
rCold  . . .     Gourm    .     z - +0 leather armour
rNeg   . . .     Faith    .     (no shield)
rPois  .         Spirit   .     m - +0 helmet
rElec  .         Dismiss  .     (no cloak)
rCorr  .         Reflect  .     o - +0 pair of gloves
SustAt .         Harm     .     p - +0 pair of boots
MR     +....                    (no amulet)
Stlth  ++........               (no ring)
                                (no ring)

@: somewhat resistant to hostile enchantments, unstealthy
A: blink, magic resistance 1
a: Blink, Quick Charge, Renounce Religion


You were on level 5 of the Dungeon.
You worshipped Pakellas.
Pakellas was aware of your devotion.
You were hungry.

You visited 2 branches of the dungeon, and saw 6 of its levels.

You collected 236 gold pieces.

Inventory:

Hand Weapons
 v - a +1 morningstar of distortion
 H - a +1 dagger of chaos
 K - a +1 short sword of electrocution (weapon)
Missiles
 k - 126 stones (quivered)
 r - 9 poisoned needles
Armour
 m - a +0 helmet (worn)
 o - a +0 pair of gloves (worn)
 p - a +0 pair of boots (worn)
 z - a +0 leather armour (worn)
Wands
 c - a wand of flame (8/48)
 d - a wand of enslavement (14/24)
 e - a wand of random effects (40/48)
 i - a wand of confusion (24/48)
 B - a wand of slowing (30/48)
Scrolls
 n - a scroll of teleportation {!r}
 x - a scroll of remove curse {!r}
Potions
 a - a potion of brilliance {!q, unknown}
 h - 2 potions of agility {!q, unknown}
 j - a potion of heal wounds {!q, unknown}
 t - 4 potions of curing {!q, unknown}
 u - a potion of flight {!q, unknown}
 E - 2 potions of lignification {!q, unknown}
 F - a potion of might {!q, unknown}
Comestibles
 b - 4 chunks of flesh
 f - 5 bread rations
 l - 2 meat rations
 s - a beef jerky
 A - 2 royal jellies
 C - 4 fruits


   Skills:
 - Level 0.7 Fighting
 + Level 5.0 Short Blades
 - Level 2.4 Dodging
 - Level 4.0 Stealth
 - Level 7.7 Evocations


You had 6 spell levels left.
You didn't know any spells.

Dungeon Overview and Level Annotations

Branches:
Dungeon (5/15)             Temple (1/1) D:4

Altars:
Ashenzari
Dithmenos
Elyvilon
Fedhas
Gozag
Makhleb
Nemelex Xobeh
Okawaru
Pakellas
Qazlal
Ru
Sif Muna
Trog
Xom
Yredelemnul
Zin
The Shining One

Shops:
D:4 %*

Annotations:
D:5 Pikel


Innate Abilities, Weirdness & Mutations

You can translocate small distances at will.
You are resistant to hostile enchantments.


Message History

You swing at nothing.
You swing at nothing.
You hit the slave but do no damage.
There is a sudden explosion of sparks!
The slave is moderately wounded.
The slave closely misses you.
You hit the slave.
There is a sudden explosion of sparks!
You kill the slave!
That felt strangely unrewarding.
You swing at nothing.
Things that are here:
an animal skin; a human corpse You butcher the human corpse.
b - 4 chunks of flesh (gained 2)
Things that are here:
an animal skin; a human skeleton A slave comes into view.
The slave shouts!
Found a scroll of remove curse.
A slave and Pikel come into view.
There are monsters nearby!
Pikel shouts!
The slave shouts!
A slave comes into view.
Press: ? - help, v - describe, . - travel
Here: Pikel, wielding a whip of freezing and wearing a robe The floor.
You are feeling hungry.
You hit Pikel.
There is a sudden explosion of sparks!
Pikel is moderately wounded.
Pikel hits you but does no damage.
You hit Pikel but do no damage.
Pikel is moderately wounded.
You closely miss Pikel.
Pikel is moderately wounded.
The slave shouts!
Pikel hits you with a whip of freezing. Pikel freezes you.
You barely miss Pikel.
Pikel is moderately wounded.
Pikel hits you with a whip of freezing. Pikel freezes you.
You hit Pikel.
There is a sudden explosion of sparks!
Pikel is almost dead.
Pikel cracks his whip.
Pikel misses you.
You barely miss Pikel.
Pikel is almost dead.
Pikel closely misses you.
You barely miss Pikel.
Pikel is almost dead.
Pikel barely misses you.
You barely miss Pikel.
Pikel is almost dead.
Pikel closely misses you.
You hit Pikel.
Pikel is almost dead.
You hit Pikel but do no damage.
Pikel is almost dead.
Pikel closely misses you.
You hit Pikel but do no damage.
Pikel is almost dead.
Pikel zaps a wand.
The bolt of acid hits you!
Ouch! That really hurt!
* * * LOW HITPOINT WARNING * * *
The acid burns!
You die...
Pakellas says: Back to the drawing board!

*************,,,,*,*,,,,*,,
*,,,,,,,,,,,,..#.#,,,,,,*,,
*,*,**,,,*#......#,,,*,,*,,
*,*,*,,,,,*......#,,,*,,*,,
*,*,,,,,,,,.p....#,,,****,,
*******,*,*,,,,,*,?....#,,,*≈≈*,,
,,,,,,,,*,**,,,**,....,,,,,*,,*,,
*********,***,#####.##,,,,,*,,*,,
*,* **#.@Kpp.#,*,,,,,,*,, *****
*,* #.###..#,*,,**,,*,, ,,,,* *,*
#.* #..#.#,,,*,,*,,
***,*****,****#.* #..#.#,,**,*#..
*,,,,,,,,,,,..* #..#.#,**,,,#..
*******,****##* #..#.#,,,,,,#..
*,* #..#.#,,#####.. *,*
#..#.#,,#PPP... *,*
#..#.####PPP...


You could see Pikel and 2 slaves.

Vanquished Creatures
  A sky beast (D:4)
  A slave (D:5)
  An ogre (D:5)
  2 scorpions
  4 crimson imps (D:3)
  6 orc wizards
  An orc priest (D:5)
  2 worker ants
  A howler monkey skeleton (D:4)
  6 adders
  An ooze (D:2)
  5 worms
  2 dart slugs
  The ghost of Amnesiac the Charlatan, a weakling DEAr (D:3)
  6 giant geckos
  19 orcs
  7 giant cockroaches
  7 goblins
  3 hobgoblins
  2 jackals (D:3)
  4 kobolds
  2 quokkas
  A ball python (D:4)
  4 bats
  A giant gecko skeleton (D:4)
  3 giant newts
  5 rats
98 creatures vanquished.

Notes
Turn   | Place    | Note
--------------------------------------------------------------
     0 | D:1      | Amnesiac the Deep Elf Artificer began the quest for the Orb.
     0 | D:1      | Reached XP level 1. HP: 11/11 MP: 5/5
   324 | D:1      | Reached XP level 2. HP: 11/16 MP: 6/6
   335 | D:1      | Reached skill level 4 in Evocations
   646 | D:2      | Reached XP level 3. HP: 19/20 MP: 8/8
   896 | D:3      | Noticed Amnesiac's ghost (weakling DEAr)
   902 | D:3      | Killed Amnesiac's ghost
  1046 | D:3      | Found a shattered altar of Ashenzari.
  1206 | D:5      | Entered Level 5 of the Dungeon
  1257 | D:5      | Reached XP level 4. HP: 22/24 MP: 9/9
  1327 | D:4      | Found a white marble altar of Elyvilon.
  1383 | D:4      | Reached XP level 5. HP: 21/28 MP: 10/10
  1396 | D:4      | Found Torphegh's Food Shop.
  1575 | D:4      | Found a stormy altar of Qazlal.
  1678 | D:4      | Found a staircase to the Ecumenical Temple.
  1690 | Temple   | Entered the Ecumenical Temple
  1953 | Temple   | Became a worshipper of Pakellas the Inventive
  2097 | D:4      | Found Mompirag's General Store.
  2238 | D:2      | Found a blossoming altar of Fedhas.
  3251 | D:3      | Reached * piety under Pakellas
  3251 | D:3      | Received a gift from Pakellas
  3434 | D:3      | Reached XP level 6. HP: 8/33 MP: 6/11
  3740 | D:3      | Reached skill level 5 in Evocations
  3791 | D:3      | Found a shimmering altar of Xom.
  4190 | D:3      | Reached skill level 6 in Evocations
  5058 | D:4      | Reached skill level 5 in Short Blades
  5058 | D:4      | Reached XP level 7. HP: 37/37 MP: 1/13
  5352 | D:4      | Gained mutation: You are resistant to hostile enchantments. [mutagenic meat]
  5353 | D:4      | Gained mutation: You expend magic power (3 MP) to strengthen your wands. [mutagenic meat]
  5354 | D:4      | Lost mutation: You expend magic power (3 MP) to strengthen your wands. [mutagenic meat]
  5355 | D:4      | Gained mutation: You can translocate small distances at will. [mutagenic meat]
  5532 | D:5      | Reached skill level 7 in Evocations
  5653 | D:5      | Noticed Pikel
  5668 | D:5      | Splashed by Pikel's acid

Skill      XL: |  1  2  3  4  5  6  7 |
---------------+----------------------+-----
Evocations     | 4 6 7 |  7.7
Stealth        | 2 3 4 |  4.0
Short Blades   | 2 3 4 5 |  5.0
Fighting       | |  0.7
Dodging        | |  2.4

Action                   |  1- 3 |  4- 6 |  7- 9 || total
-------------------------+-------+-------+-------++-------
Melee: Short sword       |    95 |   221 |    41 ||   357
       Dagger            |       |    99 |    13 ||   112
 Fire: Hunting sling     |       |     5 |       ||     5
Invok: Quick Charge      |       |     8 |       ||     8
Evoke: Wand              |    12 |    24 |     9 ||    45
  Use: Scroll            |       |       |     8 ||     8
 Stab: Sleeping          |     3 |    10 |       ||    13
       Confused          |     1 |     5 |       ||     6
       Distracted        |       |     1 |     1 ||     2
       Betrayed ally     |       |     1 |       ||     1
       Paralysed         |       |     1 |       ||     1
  Eat: Chunk             |       |    15 |     5 ||    20
Armor: Leather armour    |    19 |    72 |    13 ||   104
Dodge: Dodged            |    51 |   133 |    18 ||   202
